 Dungeon Crawl Stone Soup version 0.30-a0-715-gdb4ae3ece1 (webtiles) character file.

Game seed: 12686540119550553411

3185 ASSMAN the Martial Artist (level 9, 0/65 HPs)
             Began as a Demonspawn Wanderer on Jan 25, 2023.
             Was a Believer of Ru.
             Succumbed to a gnoll sergeant's poison
             ... on level 7 of the Dungeon.
             The game lasted 00:12:26 (6681 turns).

ASSMAN the Martial Artist (Demonspawn Wanderer)     Turns: 6681, Time: 00:12:27

Health: 0/65       AC: 13    Str: 16    XL:     9   Next: 64%
Magic:  3/8        EV: 14    Int: 11    God:    Ru [**....]
Gold:   541        SH:  0    Dex: 20    Spells: 8/8 levels left

rFire   + . .      SeeInvis .      - Unarmed
rCold   . . .      Faith    .    (no shield)
rNeg    . . .      Spirit   +    A - +1 scale mail "Cix Seim" {rF+ Dex+4}
rPois   .          Reflect  .    e - +0 helmet
rElec   .          Harm     .    (no cloak)
rCorr   .          Rampage  .    M - +1 pair of gloves
Will    .....                    F - +0 pair of boots Stlth
                                 i - amulet of guardian spirit
HPRegen 0.30/turn                h - +5 ring of evasion
MPRegen 0.11/turn                (no ring)

@: brilliant, lethally poisoned (0 -> -11), flying
A: slimy green scales 1, (demonic guardian 1), ignite blood 1, no stealth, hated
by all, claws 1, low MP 1, evolution 1
a: Renounce Religion


You were on level 7 of the Dungeon.
You worshipped Ru.
Ru was pleased with you.
You visited 1 branch of the dungeon, and saw 7 of its levels.
You also visited: Ossuary.

You collected 541 gold pieces.

Inventory:

Hand Weapons
 a - a +2 spear
 q - a +0 long sword of draining
Missiles
 c - 18 poisoned darts (quivered)
 H - 2 atropa-tipped darts
 J - a throwing net
Armour
 e - a +0 helmet (worn)
 A - the +1 scale mail "Cix Seim" (worn) {rF+ Dex+4}
   (You found it on level 4 of the Dungeon)

   Dex:       It affects your dexterity (+4).
   rF:        It protects you from fire.
 B - a +2 ring mail of positive energy
 F - a +0 pair of boots (worn)
 M - a +1 pair of gloves (worn)
Magical Staves
 C - a staff of poison
 D - a staff of cold
Jewellery
 h - a +5 ring of evasion (left hand)
 i - an amulet of guardian spirit (around neck)
 G - an amulet of the acrobat
Wands
 n - a wand of flame (15)
 o - a wand of light (24)
 E - a wand of polymorph (6)
Scrolls
 g - a scroll of fear
 j - 3 scrolls of blinking
 k - 5 scrolls of teleportation
 m - a scroll of silence
 t - a scroll of brand weapon {unknown}
 x - a scroll of enchant weapon {unknown}
 z - a scroll of torment {unknown}
 I - 2 scrolls of vulnerability {unknown}
 K - a scroll of noise {unknown}
Potions
 b - 4 potions of attraction
 d - a potion of curing {unknown}
 l - a potion of brilliance
 p - a potion of lignification {unknown}
 s - 3 potions of mutation
 u - a potion of flight
 v - a potion of cancellation
 w - 2 potions of magic
 L - a potion of haste {unknown}


   Skills:
 - Level 4.0 Fighting
 - Level 2.6 Polearms
 - Level 1.7 Throwing
 + Level 12.4 Unarmed Combat


You had 8 spell levels left.
You didn't know any spells.
Your spell library contained the following spells:

 Spells                   Type           Power      Damage    Failure   Level
 Apportation              Tloc           0%         N/A       80%         1
 Magic Dart               Conj           0%         1d3       80%         1
 Necrotise                Necr           0%         1d4       80%         1
 Sting                    Tmut/Pois      0%         1d3       80%         1
 Cigotuvi's Dreadful Rot  Necr/Pois/Air  0%         N/A       90%         2
 Ensorcelled Hibernation  Hex/Ice        0%         N/A       90%         2
 Passwall                 Tmut/Erth      0%         N/A       90%         2
 Poisonous Vapours        Pois/Air       0%         N/A       90%         2
 Mephitic Cloud           Conj/Pois/Air  0%         N/A       99%         3
 Swiftness                Air            0%         N/A       99%         3
 Olgreb's Toxic Radiance  Pois           0%         N/A       100%        4
 Alistair's Intoxication  Tmut/Pois      0%         N/A       100%        5
 Summon Small Mammal      Summ           Unusable   N/A       N/A         1
 Call Imp                 Summ           Unusable   N/A       N/A         2
 Call Canine Familiar     Summ           Unusable   N/A       N/A         3
 Summon Guardian Golem    Hex/Summ       Unusable   N/A       N/A         3

Dungeon Overview and Level Annotations

Branches:
Dungeon (7/15)             Temple (0/1) D:5         Ossuary (visited)

Altars:
Ru
Trog

Shops:
D:6 [

Annotations:
D:4 1 runed translucent door


Innate Abilities, Weirdness & Mutations

You are partially covered in slimy green scales. (AC +2)
((A weak demonic guardian rushes to your aid.))
Your demonic aura sometimes causes spilled blood to erupt in flames.
You cannot be stealthy.
You are hated by all.
You have sharp fingernails.
Your magical capacity is low. (-10% MP)
You have hidden genetic potential.


Message History

The gnoll sergeant hits you with a +0 spear of venom.
* * * LOW HITPOINT WARNING * * *
You are more poisoned.
You barely miss the gnoll sergeant. You punch the gnoll sergeant.
The gnoll sergeant is moderately wounded.
* * * LOW HITPOINT WARNING * * *
You feel very sick.
The gnoll sergeant hits you with a +0 spear of venom.
* * * LOW HITPOINT WARNING * * *
You are more poisoned.
You feel much better.
You feel extremely sick.
The gnoll sergeant hits you with a +0 spear of venom.
You are lethally poisoned!
You punch the gnoll sergeant!
The gnoll sergeant is almost dead.
You feel extremely sick.
The gnoll sergeant is engulfed in blazing flames.
You kill the gnoll sergeant!
* * * LOW HITPOINT WARNING * * *
You feel extremely sick.
Things that are here:
a +0 spear of venom; a +0 ring mail
* * * LOW HITPOINT WARNING * * *
You feel very sick.
It was a potion of brilliance.
You feel clever all of a sudden.
* * * LOW HITPOINT WARNING * * *
You feel very sick.
Okay, then.
It was a potion of mutation.
You feel extremely strange.
You feel less energetic.
You feel a hidden potential growing inside you.
Your fingernails lengthen.
* * * LOW HITPOINT WARNING * * *
You feel very sick.
It was a potion of flight.
You feel very buoyant.
You fly up into the air.
You die...

......<.#.♣♣..♣♣ #...#
....##.##.♣....♣ #.>.# ....##.#
.../... #...# ....##.# ..$..
##'## ....##.## ..F.
##.#############
........#.♣♣..♣♣.#......>........
........#........##.####.########
.#####..# #''#####†# #.########
.......#. +....@)))# #.........
..###### #......### #.........
..####.## ##.....# #.........
........+ ############.........
.#......+ ##...................
.......## ###.........##.........
#####.#####...........##.........
#.................##.........
#.####............#..........


There were no monsters in sight!

Vanquished Creatures
  The ghost of Bediveer the Chopper, a novice DsFi (D:4)
  A troll (D:5)
  Sigmund (D:2)
  Menkaure (D:4)
  Edmund (D:4)
  2 water moccasins (D:6)
  2 black bears
  An ice beast (D:5)
  A centaur (D:6)
  2 phantoms
  A kobold brigand (D:6)
  2 bullfrogs
  Blork the orc (D:6)
  A gnoll sergeant (D:7)
  2 scorpions (D:5)
  4 wights
  2 howler monkeys
  A jelly (D:6)
  6 hounds
  An orc priest (D:7)
  4 iguanas (D:5)
  Natasha (thrice) (D:2)
  2 orc wizards
  8 mummies (Ossuary)
  16 gnolls
  A river rat (D:4)
  9 adders
  2 shadow imps
  2 white imps (D:7)
  An ufetubus (D:6)
  A worm (D:2)
  3 dart slugs
  12 orcs
  2 bats
  6 endoplasms
  9 giant cockroaches
  6 goblins
  9 hobgoblins
  4 jackals
  9 kobolds
  9 quokkas
  6 ball pythons
  2 frilled lizards
  2 hobgoblin zombies (Ossuary)
  3 kobold zombies (Ossuary)
  3 orc zombies (Ossuary)
  2 rats (D:2)
170 creatures vanquished.

Vanquished Creatures (others)
  A plant (D:3)
1 creature vanquished.

Grand Total: 171 creatures vanquished

Notes
Turn   | Place    | Note
-------+----------+-------------------------------------------
     0 | D:1      | ASSMAN the Demonspawn Wanderer began the quest for the Orb.
     0 | D:1      | ASSMAN set off with the following items: a +2 spear, a
                  | potion of attraction, 11 poisoned darts, a +0 dagger, a
                  | potion of invisibility, a +0 robe.
     0 | D:1      | Reached XP level 1. HP: 19/19 MP: 1/1
   148 | D:1      | Reached skill level 2 in Unarmed Combat
   148 | D:1      | Gained mutation: You are partially covered in slimy green
                  | scales. (AC +2) [demonic ancestry]
   148 | D:1      | Reached XP level 2. HP: 25/25 MP: 2/2
   449 | D:1      | Reached XP level 3. HP: 16/30 MP: 3/3
   833 | D:2      | Reached skill level 3 in Unarmed Combat
  1105 | D:2      | Noticed Sigmund
  1182 | D:2      | Killed Sigmund
  1183 | D:2      | Reached skill level 5 in Unarmed Combat
  1183 | D:2      | Reached XP level 4. HP: 16/37 MP: 4/4
  1183 | D:2      | Gained mutation: Your demonic aura sometimes causes spilled
                  | blood to erupt in flames. [demonic ancestry]
  1183 | D:2      | Reached XP level 5. HP: 18/42 MP: 5/5
  1677 | D:2      | Noticed Natasha
  1697 | D:2      | Killed Natasha
  1990 | D:2      | Found a faded altar of an unknown god.
  2056 | D:2      | Noticed Natasha
  2063 | D:2      | Killed Natasha
  2064 | D:2      | Reached XP level 6. HP: 47/48 MP: 6/6
  2232 | D:2      | Noticed Natasha
  2239 | D:2      | Killed Natasha
  2308 | D:2      | Prayed at the altar of an unknown god.
  2308 | D:2      | Became a worshipper of Ru the Awakened
  2313 | D:2      | Gained mutation: You are hated by all. [Ru sacrifice]
  2313 | D:2      | Reached * piety under Ru
  2576 | D:3      | Reached skill level 6 in Unarmed Combat
  3044 | D:3      | Found a bloodstained altar of Trog.
  3176 | D:4      | Found a sand-covered staircase.
  3182 | Ossuary  | Entered an ossuary
  3851 | D:4      | Noticed Edmund
  3859 | D:4      | Killed Edmund
  3860 | D:4      | Reached skill level 7 in Unarmed Combat
  3860 | D:4      | Reached XP level 7. HP: 44/54 MP: 4/7
  3988 | D:4      | Noticed Menkaure
  4008 | D:4      | Killed Menkaure
  4146 | D:4      | Found a runed translucent door.
  4151 | D:4      | Noticed Bediveer's ghost (novice DsFi)
  4165 | D:4      | Identified the +1 scale mail "Cix Seim" {rF+ Dex+4}
  4230 | D:4      | Reached skill level 8 in Unarmed Combat
  4255 | D:4      | Killed Bediveer's ghost
  4256 | D:4      | Reached XP level 8. HP: 45/60 MP: 5/8
  4257 | D:4      | Found a runed translucent door.
  4380 | D:4      | Reached skill level 9 in Unarmed Combat
  4684 | D:5      | Entered Level 5 of the Dungeon
  5079 | D:5      | Reached skill level 10 in Unarmed Combat
  5166 | D:5      | Gained mutation: You cannot be stealthy. [Ru sacrifice]
  5166 | D:5      | Reached ** piety under Ru
  5219 | D:5      | Found a staircase to the Ecumenical Temple.
  5600 | D:6      | Noticed Blork the orc
  5605 | D:6      | Killed Blork the orc
  5741 | D:6      | Gained mutation: A weak demonic guardian rushes to your
                  | aid. [demonic ancestry]
  5741 | D:6      | Reached XP level 9. HP: 26/62 MP: 4/9
  5752 | D:6      | Noticed a troll
  5765 | D:5      | Killed a troll
  5766 | D:5      | Reached skill level 11 in Unarmed Combat
  6116 | D:6      | Reached skill level 12 in Unarmed Combat
  6334 | D:6      | Found Rodastamn's Armour Emporium.
  6680 | D:7      | Gained mutation: Your magical capacity is low. (-10% MP)
                  | [potion of mutation]
  6680 | D:7      | Gained mutation: You have hidden genetic potential. [potion
                  | of mutation]
  6680 | D:7      | Gained mutation: You have sharp fingernails. [potion of
                  | mutation]
  6680 | D:7      | HP: 3/65 [poisoned by a gnoll sergeant]
  6681 | D:7      | Succumbed to a gnoll sergeant's poison

Illustrated notes

Levels and vault maps discovered:
D:1:      lordsloth_arrival_two_stooges, layout_loops_ring
D:2:      layout_basic, hellmonk_ecumenical_altar_leap_of_faith, uniq_sigmund,
          uniq_natasha
D:3:      layout_loops_ring, bloody_trog, guppyfry_early_lair_pool
D:4:      kennysheep_spiral_hall, layout_rooms, fedhas_altar_1,
          ebering_ghost_sewer_f, enter_ossuary_5, uniq_menkaure, uniq_edmund
D:5:      layout_basic, minmay_temple_entry_ruins, gup_sewer_entry_pipe,
          minmay_misc_feat_diagonals
D:6:      layout_rooms, mainiacjoe_overflow_cross_hatched, serial_shops,
          nicolae_shop_stone, minmay_checkerbox, uniq_blork_the_orc
D:7:      layout_basic, gammafunk_temple_overflow_wave, serial_shops,
          nicolae_inconvenience_store, nicolae_water_bricks,
          kennysheep_generic_room_5

Skill      XL: |  1  2  3  4  5  6  7  8  9 |
---------------+----------------------------+-----
Unarmed Combat | 2 5 7 8 10 12 | 12.4
Fighting       | |  4.0
Polearms       | |  2.6
Throwing       | |  1.7

Action                     |  1- 3 |  4- 6 |  7- 9 || total
---------------------------+-------+-------+-------++-------
  Melee: Spear             |   109 |   217 |       ||   326
         Punch             |     5 |    11 |    18 ||    34
         Unarmed           |       |       |   333 ||   333
  Throw: Dart              |     8 |       |       ||     8
 Invoke: Sacrifice Love    |       |     1 |       ||     1
         Sacrifice Stealth |       |       |     1 ||     1
    Use: Scroll            |       |    10 |       ||    10
         Potion            |       |     2 |     8 ||    10
   Stab: Sleeping          |     5 |     1 |     1 ||     7
         Invisible         |       |       |     7 ||     7
         Distracted        |       |       |     1 ||     1
 Armour: Robe              |    21 |    31 |    18 ||    70
         Scale mail        |       |       |   128 ||   128
  Dodge: Dodged            |    35 |    98 |   245 ||   378

Table legend: (Time is in decaauts)
 A = Elapsed time spent in this place.
 B = Non-inter-level travel time spent in this place.
 C = Inter-level travel time spent in this place.
 D = Time resting spent in this place.
 E = Time spent auto-exploring this place.
 F = Levels seen in this place.
 G = Mean time per level.
                   A        B        C        D        E       F      G
               +--------+--------+--------+--------+--------+-----+--------+
         Total |   6621 |   6251 |    370 |    735 |   4175 |   8 |  827.6 |
       Dungeon |   5989 |   5619 |    370 |    448 |   3966 |   7 |  855.6 |
       Ossuary |    631 |    631 |      0 |    287 |    209 |   1 |  631.0 |
               +--------+--------+--------+--------+--------+-----+--------+

Top non-repeatable levels by time:
     D:2: 1591 daAuts
     D:5: 1130 daAuts
     D:4: 912 daAuts
     D:3: 770 daAuts
     D:1: 757 daAuts
 Ossuary: 631 daAuts
     D:6: 565 daAuts
     D:7: 261 daAuts
